 Dungeon Crawl Stone Soup version 0.19.1-1-g22dce08 (webtiles) character file.

28 Goblin1989 the Firebug (level 2, -1/19 HPs)
             Began as a Demonspawn Fire Elementalist on Dec 30, 2016.
             Slain by a worm (9 damage)
             ... on level 2 of the Dungeon.
             The game lasted 00:08:45 (1208 turns).

Goblin1989 the Firebug (DsFE)                       Turns: 1208, Time: 00:08:45

Health: -1/19      AC:  3    Str:  8    XL:     2   Next: 96%
Magic:  1/5        EV: 12    Int: 16    God:
Gold:   10         SH:  0    Dex: 13    Spells: 1 memorised, 4 levels left

rFire  . . .     SeeInvis .     g - +0 whip
rCold  . . .     Gourm    .     a - +0 robe
rNeg   . . .     Faith    .     (no shield)
rPois  .         Spirit   .     (no helmet)
rElec  .         Reflect  .     (no cloak)
rCorr  .         Harm     .     (no gloves)
MR     .....                    f - +0 pair of boots
Stlth  +++.......               (no amulet)
                                (no ring)
                                (no ring)

@: very slightly contaminated
A: nightstalker 1
a: no special abilities


You were on level 2 of the Dungeon.
You were not hungry.

You visited 1 branch of the dungeon, and saw 2 of its levels.

You collected 10 gold pieces.

Inventory:

Hand Weapons
 g - a +0 whip (weapon)
 i - a +0 hunting sling
Missiles
 e - 43 arrows
 h - 50 stones (quivered)
Armour
 a - a +0 robe (worn)
 f - a +0 pair of boots (worn)
Scrolls
 d - a scroll of immolation {unknown}
 j - a scroll of magic mapping {unknown}
 l - a scroll of teleportation {unknown}
 m - 3 scrolls of identify {unknown}
 n - a scroll of recharging {unknown}
Potions
 k - a potion of lignification {unknown}
 o - a potion of might {unknown}
Books
 b - a book of Flames

   Spells                             Type                      Level
   a - Flame Tongue                   Conjuration/Fire             1
   b - Throw Flame                    Conjuration/Fire             2
   c - Conjure Flame                  Conjuration/Fire             3
   d - Inner Flame                    Hexes/Fire                   3
   e - Sticky Flame                   Conjuration/Fire             4
   f - Fireball                       Conjuration/Fire             5
Comestibles
 c - 3 bread rations {@e1}


   Skills:
 - Level 1.7 Dodging
 - Level 1.7 Stealth
 + Level 2.3 Spellcasting
 * Level 2.3 Conjurations
 * Level 2.9 Fire Magic


You had 4 spell levels left.
You knew the following spells:

 Your Spells              Type           Power        Failure   Level  Hunger
a - Flame Tongue          Conj/Fire      ##...        10%         1    #......


Dungeon Overview and Level Annotations

Branches:
Dungeon (2/15)

Altars:


Innate Abilities, Weirdness & Mutations

You are slightly more attuned to the shadows.


Message History

Casting: Flame Tongue
Confirm with . or Enter, or press ? or * to list all spells.
Aiming: Flame Tongue
Press: ? - help, Shift-Dir - straight line, f/p - worm
Aim: a worm (lightly wounded)
The flame tongue hits the worm.
The worm is moderately wounded.
The worm bites you!
Ouch! That really hurt!
* * * LOW HITPOINT WARNING * * *
You take 11 damage, and have 8/19 hp.
MASSIVE DAMAGE!!
You now have 2/5 mp.
Casting: Flame Tongue
Confirm with . or Enter, or press ? or * to list all spells.
Aiming: Flame Tongue
Press: ? - help, Shift-Dir - straight line, f/p - worm
Aim: a worm (moderately wounded)
The flame tongue hits the worm.
The worm is heavily wounded.
The worm bites you!
You die...

█. ██.██ .█ █
█..██.█
██.██.█████
█.██.....█
█..█.....█
██.█.....█
████.......█
............█
██████..@...█
......w...█
████......█
█......█
..>█▲███
.█..? █.███


You could see a worm.

Vanquished Creatures
  A dart slug (D:1)
  A leopard gecko (D:1)
  3 bats (D:1)
  2 giant cockroaches (D:1)
  A goblin (D:1)
  5 hobgoblins (D:1)
  3 frilled lizards (D:1)
  4 kobolds (D:1)
  4 rats (D:1)
24 creatures vanquished.

Notes
Turn   | Place    | Note
-------+----------+-------------------------------------------
     0 | D:1      | Goblin1989 the Demonspawn Fire Elementalist began the quest for the Orb.
     0 | D:1      | Reached XP level 1. HP: 13/13 MP: 3/3
   346 | D:1      | Gained mutation: You are slightly more attuned to the shadows. [demonic ancestry]
   346 | D:1      | Reached XP level 2. HP: 16/19 MP: 0/5
  1208 | D:2      | Slain by a worm

Skill      XL: |  1  2 |
---------------+-------+-----
Conjurations   | 2 |  2.3
Dodging        | |  1.7
Stealth        | |  1.7
Spellcasting   | |  2.3
Fire Magic     | |  2.9

Action                   || total
-------------------------++-------
Melee: Unarmed           ||     6
 Cast: Flame Tongue      ||    38
  Eat: Chunk             ||     1
Armor: Robe              ||     2
Dodge: Dodged            ||    16

Vault maps used:
D:1:      ncdulo_wetmaze
D:2:      nicolae_overflow_crystal_walls, minmay_pentomino_z2
